Map: Port Aleksander LE

Players

HateMe - Winner!

  • Race: Zerg Zerg
  • Spawn Location: 5:00

Clem

  • Race: Terran Terran
  • Spawn Location: 11:00

Event: IEM Season 13: Katowice (2019)

VOD

Have the link to the VOD?

Description

Time

  • Played on: Feb. 25, 2019, 5:10 a.m.
  • Length: 5:14

All games in this series

Show
View Real Time Build Order
Export as new Build Order

HateMe Zerg - Winner!

Build Orders: Hatch First, Roach Nydus 

Get SALT Encoding   

  12  0:00  Drone  
  13  0:12  Overlord  
  13  0:17  Drone  
  14  0:31  Drone x2  
  16  0:49  Hatchery  
  15  0:52  Drone  
  15  0:55  Drone  
  17  0:59  Drone  
  18  1:10  Extractor  
  17  1:15  Spawning Pool  
  17  1:18  Drone  
  17  1:21  Drone  
  18  1:28  Drone  
  19  1:39  Drone  
  20  1:49  Overlord  
  20  2:01  Queen  
  20  2:02  Queen, Zergling x4  
  26  2:14  Drone x2  
  28  2:32  Drone x2  
  29  2:37  Queen  
  29  2:40  Lair  
  31  2:56  Drone x2  
  31  2:57  Extractor, Overlord  
  31  3:06  Hatchery  
  31  3:10  Drone x2  
  31  3:11  Drone  
  33  3:19  Roach Warren  
  32  3:28  Queen  
  34  3:34  Overlord  
  34  3:43  Nydus Network  
  33  3:53  Overlord  
  33  4:00  Roach x3  
  39  4:03  Roach  
  41  4:10  Roach x2  
  45  4:19  Nydus Canal  
  45  4:21  Roach x2  
  45  4:24  Roach  
  51  4:32  Roach x2  
  53  4:40  Roach x2  
  55  4:47  Roach  
  49  4:53  Roach  
  49  4:55  Roach  
  49  5:12  Nydus Canal  
Show
View Real Time Build Order
Export as new Build Order

Clem Terran 

Build Orders: Gas First Reaper Expand, Hellion Banshee 

Get SALT Encoding   

  12  0:00  SCV  
  13  0:12  SCV  
  14  0:17  Supply Depot  
  14  0:24  SCV  
  15  0:31  Refinery  
  15  0:39  SCV  
  16  0:45  Barracks  
  16  0:51  SCV  
  17  1:03  SCV  
  18  1:15  SCV  
  19  1:31  Orbital Command  
  19  1:32  Reaper  
  20  1:44  Command Center  
  20  1:56  Factory  
  20  2:00  SCV  
  21  2:08  Barracks Reactor  
  21  2:11  Supply Depot  
  21  2:14  SCV  
  22  2:19  Refinery  
  22  2:26  SCV  
  23  2:38  SCV  
  24  2:47  Starport  
  24  2:50  SCV  
  25  2:54  Hellion  
  25  2:55  Hellion  
  28  2:59  Orbital Command  
  28  3:02  SCV  
  28  3:05  Barracks Tech Lab  
  29  3:14  SCV  
  29  3:18  Hellion x2  
  34  3:26  SCV  
  36  3:27  SCV  
  36  3:34  Raven, Supply Depot  
  38  3:39  SCV  
  39  3:42  Hellion  
  39  3:43  SCV  
  39  3:47  Hellion  
  44  3:51  SCV  
  44  3:55  SCV  
  46  4:00  Barracks Tech Lab, Supply Depot  
  46  4:03  SCV  
  46  4:07  SCV  
  48  4:11  Hellion x2  
  48  4:15  SCV  
  53  4:19  SCV  
  53  4:22  Marauder  
  53  4:23  Banshee  
  59  4:27  SCV  
  60  4:32  SCV  
  58  4:42  Marine  
  48  4:46  SCV  
  40  4:54  SCV  
  40  4:59  SCV  

Tags
 
Add a new tag
Caveats
  • Supply blocks, unpowered buildings, or Contaminate may cause inaccurate times.
  • Supply counts are checked every 10 seconds.